Map: Taito Citadel LE

Players

Turbomisio

  • Race: Terran Terran
  • League: Master
  • Spawn Location: 11:00

SCIInewby - Winner!

  • Race: Zerg Zerg
  • League: Master
  • Spawn Location: 5:00

VOD

Have the link to the VOD?

Description

Time

  • Played on: Feb. 11, 2026, 10:29 a.m.
  • Length: 14:51
Show
View Real Time Build Order
Export as new Build Order

Turbomisio Terran 

Build Orders:  

Get SALT Encoding   

  12  0:01  SCV  
  13  0:16  Supply Depot  
  13  0:18  SCV  
  14  0:30  SCV  
  15  0:40  Barracks  
  15  0:43  SCV  
  16  0:55  SCV  
  17  1:07  SCV  
  18  1:14  Barracks  
  18  1:19  SCV  
  19  1:26  Refinery  
  19  1:28  Refinery  
  19  1:31  SCV  
  20  1:51  Marine  
  21  1:54  SCV  
  21  2:08  Reaper, Marine  
  22  2:13  Command Center  
  23  2:20  Orbital Command  
  23  2:33  Supply Depot  
  23  2:55  Supply Depot, Marine, SCV  
  23  2:57  Marine  
  26  3:07  SCV  
  27  3:13  Marine  
  27  3:19  SCV  
  29  3:31  Marine x2, SCV  
  29  3:34  SCV  
  32  3:43  SCV  
  32  3:46  SCV  
  34  3:50  Barracks Reactor  
  34  3:56  Barracks Tech Lab  
  34  3:58  SCV  
  34  4:02  Engineering Bay  
  35  4:10  SCV  
  35  4:11  Bunker  
  36  4:22  SCV x2  
  38  4:25  Refinery  
  38  4:27  Refinery  
  38  4:28  Terran Infantry Weapons Level 1  
  38  4:32  Marine x3  
  41  4:50  Marine x3  
  41  4:51  Combat Shield  
  44  4:58  Bunker  
  44  5:01  Factory  
  44  5:02  SCV  
  45  5:08  Marine  
  45  5:09  Marauder  
  49  5:14  SCV  
  49  5:15  Marine  
  50  5:25  Marine  
  50  5:26  SCV  
  50  5:27  Factory  
  52  5:29  Marine  
  53  5:38  SCV  
  54  5:54  Factory Tech Lab  
  54  6:01  Supply Depot  
  54  6:04  Supply Depot  
  54  6:10  Stimpack  
  54  6:19  Marine  
  54  6:21  Marine  
  54  6:22  Marine, Neosteel Armor  
  51  6:37  Starport, Marine  
  51  6:38  Supply Depot  
  51  6:39  Marine  
  53  6:40  Marine  
  53  6:51  Armory  
  53  6:58  Engineering Bay  
  53  7:00  Engineering Bay  
  48  7:01  Barracks  
  43  7:12  Siege Tank  
  46  7:21  SCV  
  47  7:26  Command Center  
  47  7:34  SCV, Starport Reactor  
  48  7:44  Siege Tank  
  48  7:48  Factory Reactor  
  47  8:01  Marine x4  
  47  8:19  Marine x4  
  51  8:27  Bunker  
  51  8:33  Siege Tank  
  54  8:37  Marine  
  54  8:40  Medivac x2  
  56  8:55  Barracks Reactor  
  56  9:03  Barracks  
  56  9:05  Thor  
  62  9:14  Marine x3  
  64  9:32  Marine x3  
  64  9:33  Marine x2  
  69  9:45  Missile Turret  
  69  9:47  Missile Turret, Liberator x2  
  69  9:50  Marine x3  
  69  9:51  Marine  
  79  9:53  Thor  
  85  10:00  Terran Infantry Weapons Level 2  
  85  10:05  SCV  
  85  10:06  Missile Turret  
  85  10:07  Missile Turret, Marine  
  86  10:08  Marine x2  
  86  10:10  Supply Depot  
  83  10:17  SCV  
  84  10:26  Marine  
  84  10:28  SCV  
  86  10:30  Liberator x2  
  92  10:36  Marine x4  
  92  10:40  SCV  
  97  10:43  Marine  
  98  10:50  Barracks Reactor  
  98  10:52  SCV  
  98  10:54  Marine x2  
  101  11:01  Supply Depot, Orbital Command  
  101  11:02  Supply Depot  
  101  11:08  Marine x3  
  101  11:09  SCV  
  105  11:12  Marine  
  105  11:13  Liberator x2  
  112  11:21  SCV  
  92  12:01  Siege Tank  
  95  12:20  Barracks Tech Lab  
  95  12:21  Barracks Reactor  
  95  12:22  Marine x2  
  95  12:26  Medivac x2  
  97  12:40  Marine x2  
  92  12:56  Liberator x2  
  92  12:58  Marine x2  
  98  12:59  SCV  
  101  13:11  SCV  
  99  13:13  Starport  
  99  13:16  Marine x2  
  98  13:23  SCV  
  96  13:30  Marine x2  
  96  13:34  Marine x2  
  98  13:35  SCV  
  98  13:39  Barracks  
  101  13:45  Barracks  
  101  13:47  SCV  
  101  13:48  Marine x2  
  102  13:50  Starport Tech Lab  
  102  13:51  Marine  
  102  13:52  Marine  
  90  14:06  Marine x2  
  90  14:09  Marine  
  67  14:25  Marine x3  
  67  14:29  Marine  
  67  14:30  Marine  
Show
View Real Time Build Order
Export as new Build Order

SCIInewby Zerg - Winner!

Build Orders: Hatch First, Swarm Host 

Get SALT Encoding   

  12  0:00  Drone  
  13  0:09  Drone  
  14  0:16  Overlord  
  14  0:41  Hatchery  
  14  0:42  Drone  
  14  0:47  Drone  
  15  0:56  Drone  
  16  1:08  Spawning Pool  
  16  1:10  Drone  
  16  1:41  Drone x3  
  19  1:53  Drone  
  20  2:00  Overlord  
  20  2:09  Extractor, Drone  
  20  2:10  Drone, Queen x2  
  25  2:20  Drone  
  26  2:23  Spine Crawler, Drone  
  26  2:24  Spine Crawler  
  25  2:37  Drone x2  
  25  2:43  Extractor, Drone  
  27  2:45  Roach Warren, Zergling x2  
  27  2:57  Drone x2  
  29  3:01  Extractor, Drone  
  29  3:02  Drone, Extractor  
  29  3:08  Drone x2  
  31  3:21  Zergling x6  
  34  3:35  Drone x2  
  34  3:36  Overlord  
  34  3:37  Overlord  
  36  3:49  Lair  
  36  3:55  Drone x3  
  39  4:01  Roach  
  42  4:10  Drone x2  
  42  4:11  Drone  
  42  4:15  Roach  
  46  4:20  Metabolic Boost  
  46  4:30  Evolution Chamber, Roach  
  47  4:37  Drone  
  48  4:39  Evolution Chamber, Drone  
  48  4:41  Drone  
  48  4:44  Drone  
  50  4:47  Drone  
  50  4:49  Drone  
  52  4:54  Glial Reconstitution  
  52  5:02  Zerg Ground Armor Level 1  
  52  5:25  Overlord  
  52  5:26  Overlord x4  
  52  5:43  Zerg Missile Weapons Level 1  
  52  5:48  Spire  
  51  5:52  Drone x4, Infestation Pit  
  51  5:53  Drone x2  
  56  5:59  Burrow  
  56  6:01  Roach  
  58  6:08  Queen  
  59  6:14  Roach x2  
  59  6:29  Zergling x4  
  59  6:30  Zergling x6  
  59  6:31  Zergling x4  
  60  6:45  Zergling x14  
  60  6:46  Zergling x2  
  66  6:58  Mutalisk  
  66  6:59  Roach  
  65  7:09  Zerg Melee Weapons Level 1  
  65  7:13  Zerg Flyer Weapons Level 1  
  65  7:15  Mutalisk x3  
  65  7:17  Mutalisk  
  73  7:23  Mutalisk x2  
  77  7:32  Hive  
  77  7:37  Zerg Ground Armor Level 2  
  77  7:51  Hatchery  
  71  7:54  Drone x4  
  71  7:55  Drone x3  
  68  8:05  Drone  
  68  8:06  Drone x5  
  68  8:10  Roach  
  76  8:16  Mutalisk  
  76  8:17  Mutalisk  
  76  8:19  Mutalisk  
  81  8:26  Mutalisk x2  
  81  8:32  Extractor  
  81  8:33  Extractor  
  79  8:51  Drone x4  
  83  8:57  Roach  
  83  8:58  Roach x3  
  91  9:05  Tunneling Claws, Hydralisk Den  
  91  9:08  Zerg Flyer Armor Level 1  
  91  9:09  Zerg Missile Weapons Level 2  
  90  9:13  Roach  
  90  9:14  Roach x2  
  96  9:48  Queen  
  98  9:53  Zerg Melee Weapons Level 2  
  98  10:04  Overlord  
  98  10:05  Overlord x5  
  80  10:20  Swarm Host  
  80  10:23  Roach x13  
  109  10:28  Drone x2  
  109  10:29  Drone  
  112  10:38  Grooved Spines  
  112  10:41  Adrenal Glands  
  112  10:51  Mutalisk x3  
  112  10:53  Overlord x3  
  118  10:58  Drone x4  
  122  11:25  Zerg Ground Armor Level 3  
  137  12:00  Roach  
  137  12:01  Roach x10  
  135  12:19  Mutalisk x2, Zergling x2  
  135  12:37  Hydralisk x2  
  135  12:38  Hydralisk x4  
  147  12:58  Mutalisk x3  
  147  12:59  Mutalisk x3  
  159  13:13  Hatchery  
  159  13:15  Extractor  
  157  13:23  Mutalisk x2  
  157  13:24  Mutalisk x2  
  165  13:38  Roach, Overlord  
  165  13:39  Roach, Overlord x4  
  169  13:42  Roach x11  
  133  14:18  Hydralisk x4  
  133  14:19  Hydralisk x4  
  133  14:21  Swarm Host x7  
Tags
 
Composition
Swarm Host
Matchup
TvZ
Replay Pack
vannon
Spawn Locations
Cross Positions
Add a new tag
Caveats
  • Supply blocks, unpowered buildings, or Contaminate may cause inaccurate times.
  • Supply counts are checked every 10 seconds.